[Event "Live Chess"]
[Site "Chess.com"]
[Date "2010.12.30"]
[Round "-"]
[White "hipposcottimus"]
[Black "zweiss"]
[Result "1-0"]
[CurrentPosition "r4rk1/pbpnqp1Q/1p2p3/3pP2p/3P4/2NB1P2/PPP3PP/R4RK1 b - -"]
[Timezone "UTC"]
[ECO "B07"]
[ECOUrl "https://www.chess.com/openings/Pirc-Defense-Lions-Jaw-Variation-3...Nbd7"]
[UTCDate "2010.12.30"]
[UTCTime "19:56:20"]
[WhiteElo "1353"]
[BlackElo "1357"]
[TimeControl "480"]
[Termination "hipposcottimus won by checkmate"]
[StartTime "19:56:20"]
[EndDate "2010.12.30"]
[EndTime "20:00:06"]
[Link "https://www.chess.com/game/live/82618747"]

1. e4 d6 2. d4 Nf6 3. f3 Nbd7 4. Nc3 g6 5. Nge2 Bg7 6. Ng3 O-O 7. Bd3 b6 8. O-O Bb7 9. Be3 e6 10. Qd2 Qe7 11. Bh6 Bxh6 12. Qxh6 d5 13. e5 Nh5 14. Nxh5 gxh5 15. Qxh7# 1-0

[Event "Live Chess"]
[Site "Chess.com"]
[Date "2010.12.30"]
[Round "-"]
[White "hipposcottimus"]
[Black "EdgarWinter"]
[Result "1-0"]
[CurrentPosition "8/Np2Rppp/4kn2/1BB1p3/4P3/P4P2/KPPr1P1P/8 b - -"]
[Timezone "UTC"]
[ECO "C41"]
[ECOUrl "https://www.chess.com/openings/Philidor-Defense-3.d4-Bg4-4.dxe5"]
[UTCDate "2010.12.30"]
[UTCTime "19:39:46"]
[WhiteElo "1353"]
[BlackElo "1200"]
[TimeControl "600"]
[Termination "hipposcottimus won by checkmate"]
[StartTime "19:39:46"]
[EndDate "2010.12.30"]
[EndTime "19:53:28"]
[Link "https://www.chess.com/game/live/82613697"]

1. e4 e5 2. Nf3 d6 3. d4 Bg4 4. dxe5 Bxf3 5. gxf3 dxe5 6. Qxd8+ Kxd8 7. Nc3 Nc6 8. Be3 Nb4 9. O-O-O+ Ke8 10. Nb5 Rc8 11. Nxa7 Rd8 12. Rxd8+ Kxd8 13. a3 Na2+ 14. Kb1 Bb4 15. Kxa2 Ba5 16. Bb5 Bb6 17. Rd1+ Ke7 18. Rd7+ Ke6 19. Bxb6 Nf6 20. Rxc7 Rd8 21. Bc5 Rd2 22. Re7# 1-0

[Event "Live Chess"]
[Site "Chess.com"]
[Date "2010.12.30"]
[Round "-"]
[White "pankans"]
[Black "hipposcottimus"]
[Result "1-0"]
[CurrentPosition "8/4KR2/6pp/6k1/6P1/2r4P/8/8 b - -"]
[Timezone "UTC"]
[ECO "C61"]
[ECOUrl "https://www.chess.com/openings/Ruy-Lopez-Opening-Birds-Defense-4.Nxd4-exd4-5.d3"]
[UTCDate "2010.12.30"]
[UTCTime "19:14:13"]
[WhiteElo "1555"]
[BlackElo "1356"]
[TimeControl "600+1"]
[Termination "pankans won on time"]
[StartTime "19:14:13"]
[EndDate "2010.12.30"]
[EndTime "19:32:25"]
[Link "https://www.chess.com/game/live/82604794"]

1. e4 e5 2. Nf3 Nc6 3. Bb5 Nd4 4. Nxd4 exd4 5. d3 c6 6. Ba4 d5 7. exd5 Qxd5 8. O-O Bb4 9. c3 dxc3 10. bxc3 Ba5 11. Ba3 Nf6 12. Bb3 Qg5 13. Qe2+ Be6 14. Bxe6 c5 15. Bd5+ Kd7 16. Bxb7 Rhe8 17. Qf3 Rab8 18. Qc6+ Kd8 19. Qd6+ Nd7 20. Bc6 Re7 21. Bxd7 Bc7 22. Qxc5 Qxc5 23. Bxc5 Rxd7 24. d4 Bd6 25. Bxd6 Rxd6 26. Na3 a6 27. Rab1 Rc8 28. Rfc1 Ke8 29. f3 Kf8 30. Rb7 Kg8 31. Rd1 g6 32. c4 Kg7 33. c5 Rxc5 34. dxc5 Rxd1+ 35. Kf2 Rc1 36. Rc7 Ra1 37. Rc6 Rxa2+ 38. Kg3 Rxa3 39. Rb6 Rc3 40. c6 a5 41. Ra6 Rc5 42. Kf4 f5 43. g4 Rc4+ 44. Ke5 fxg4 45. Ra7+ Kh6 46. fxg4 Rxc6 47. Rxa5 Rc4 48. h3 Kg5 49. Kd6+ Kh4 50. Ra7 h6 51. Rh7 Kg5 52. Rf7 Rc3 53. Ke7 1-0

[Event "Live Chess"]
[Site "Chess.com"]
[Date "2010.12.30"]
[Round "-"]
[White "hipposcottimus"]
[Black "Paddamtsssj"]
[Result "1-0"]
[CurrentPosition "8/8/8/8/6R1/8/5NKP/4k3 b - -"]
[Timezone "UTC"]
[ECO "C55"]
[ECOUrl "https://www.chess.com/openings/Italian-Game-Anti-Fried-Liver-Defense"]
[UTCDate "2010.12.30"]
[UTCTime "18:46:19"]
[WhiteElo "1353"]
[BlackElo "1220"]
[TimeControl "600"]
[Termination "hipposcottimus won by resignation"]
[StartTime "18:46:19"]
[EndDate "2010.12.30"]
[EndTime "19:01:48"]
[Link "https://www.chess.com/game/live/82597900"]

1. e4 e5 2. Nf3 Nc6 3. Bc4 h6 4. d4 exd4 5. Nxd4 Bc5 6. Nf5 Nf6 7. Nxg7+ Kf8 8. Nf5 Nxe4 9. Bxh6+ Kg8 10. Be3 d5 11. Bxd5 Bxf5 12. Bxc5 Nf6 13. Bxc6 bxc6 14. O-O Nd5 15. Qf3 Bxc2 16. Na3 Bg6 17. Qg3 Rb8 18. f4 Rh6 19. f5 Rxb2 20. fxg6 fxg6 21. Rf8+ Qxf8 22. Bxf8 Kxf8 23. Rf1+ Kg7 24. Nc4 Nc3 25. Nxb2 Ne2+ 26. Kh1 Nxg3+ 27. Kg1 Ne4 28. Nc4 Rh5 29. Re1 Nc3 30. a3 Rc5 31. Nb2 Nd5 32. a4 Rc2 33. Nd3 c5 34. Rd1 Ne3 35. Re1 Nxg2 36. Re7+ Kf6 37. Rxc7 c4 38. Nf2 Kf5 39. Kxg2 g5 40. Rxa7 g4 41. Kg3 c3 42. a5 Rd2 43. Rc7 c2 44. a6 Re2 45. a7 Re1 46. a8=Q Rg1+ 47. Qg2 Rxg2+ 48. Kxg2 Kf4 49. Rxc2 Ke3 50. Rc3+ Kd2 51. Rg3 Ke1 52. Rxg4 1-0

[Event "Live Chess"]
[Site "Chess.com"]
[Date "2010.12.30"]
[Round "-"]
[White "modusoperandy"]
[Black "hipposcottimus"]
[Result "0-1"]
[CurrentPosition "6k1/ppp2ppp/8/2q1r3/P1Kp4/1P1P3P/1P2r3/R1BQ3R w - -"]
[Timezone "UTC"]
[ECO "C44"]
[ECOUrl "https://www.chess.com/openings/Kings-Pawn-Opening-Kings-Knight-Variation-2...Nc6"]
[UTCDate "2010.12.30"]
[UTCTime "03:15:15"]
[WhiteElo "1182"]
[BlackElo "1353"]
[TimeControl "240+11"]
[Termination "hipposcottimus won by checkmate"]
[StartTime "03:15:15"]
[EndDate "2010.12.30"]
[EndTime "03:24:12"]
[Link "https://www.chess.com/game/live/82384867"]

1. e4 e5 2. Nf3 Nc6 3. a4 Nf6 4. Bc4 Nxe4 5. d3 Nf6 6. Ng5 d5 7. Bb3 Nd4 8. Nd2 Be7 9. Ngf3 O-O 10. Nxe5 Bd6 11. f4 Bxe5 12. fxe5 Bg4 13. Nf3 Bxf3 14. gxf3 Re8 15. f4 Nxb3 16. cxb3 Qd7 17. Qc2 Ng4 18. h3 Nxe5 19. fxe5 Rxe5+ 20. Kd2 Rae8 21. Kc3 Re2 22. Qd1 d4+ 23. Kc4 R8e5 24. Kb4 Qd6+ 25. Kc4 Qc5# 0-1

[Event "Live Chess"]
[Site "Chess.com"]
[Date "2010.12.30"]
[Round "-"]
[White "hipposcottimus"]
[Black "ediver48"]
[Result "0-1"]
[CurrentPosition "8/5N2/1p6/p1pk3p/P4p1b/3K4/8/8 w - -"]
[Timezone "UTC"]
[ECO "C41"]
[ECOUrl "https://www.chess.com/openings/Philidor-Defense-Exchange-Variation-4.Nxd4"]
[UTCDate "2010.12.30"]
[UTCTime "02:50:26"]
[WhiteElo "1348"]
[BlackElo "1389"]
[TimeControl "600+5"]
[Termination "ediver48 won on time"]
[StartTime "02:50:26"]
[EndDate "2010.12.30"]
[EndTime "03:12:33"]
[Link "https://www.chess.com/game/live/82378791"]

1. e4 e5 2. Nf3 d6 3. d4 exd4 4. Nxd4 Be7 5. Nc3 c6 6. Bd3 Nf6 7. O-O Bg4 8. Qe1 Nbd7 9. f3 Bh5 10. f4 Bg4 11. e5 dxe5 12. fxe5 Nd5 13. Bf5 Bxf5 14. Rxf5 O-O 15. Rh5 Nc5 16. Qg3 Ne6 17. Bh6 g6 18. Nxe6 fxe6 19. Bxf8 Bxf8 20. Rf1 Bg7 21. Rh4 Ne7 22. Ne4 Nf5 23. Rxf5 exf5 24. Ng5 Qd1+ 25. Kf2 Qxc2+ 26. Kg1 Qc1+ 27. Kf2 Qxb2+ 28. Kf3 Qc3+ 29. Kf4 Qxe5+ 30. Kf3 Qxg3+ 31. Kxg3 h5 32. Rb4 b6 33. a4 c5 34. Rc4 Bd4 35. Ne6 Be5+ 36. Kh3 Kf7 37. Ng5+ Kf6 38. Nh7+ Kg7 39. Ng5 Re8 40. Nf3 a5 41. Kh4 Bf6+ 42. Kh3 Re4 43. Nd2 Re3+ 44. g3 Rd3 45. Nf1 Rd4 46. Ne3 Rxc4 47. Nxc4 Bd8 48. Kg2 Kf6 49. Kf3 g5 50. Ke3 Ke6 51. h3 Kd5 52. Kd3 f4 53. gxf4 gxf4 54. Nd2 Bg5 55. Nc4 Kc6 56. Ne5+ Kd5 57. Nf7 Bf6 58. h4 Bxh4 0-1

[Event "Live Chess"]
[Site "Chess.com"]
[Date "2010.12.30"]
[Round "-"]
[White "hipposcottimus"]
[Black "Renesacha"]
[Result "0-1"]
[CurrentPosition "r1k1B3/3p2p1/pQ3pNp/1ppb4/8/6P1/P5qP/4R2K w - -"]
[Timezone "UTC"]
[ECO "B20"]
[ECOUrl "https://www.chess.com/openings/Sicilian-Defense"]
[UTCDate "2010.12.30"]
[UTCTime "02:20:33"]
[WhiteElo "1363"]
[BlackElo "1327"]
[TimeControl "300+5"]
[Termination "Renesacha won by checkmate"]
[StartTime "02:20:33"]
[EndDate "2010.12.30"]
[EndTime "02:31:45"]
[Link "https://www.chess.com/game/live/82373772"]

1. e4 c5 2. Bb5 a6 3. Be2 Nc6 4. Nf3 e6 5. d4 b5 6. d5 exd5 7. exd5 Nce7 8. d6 Nf5 9. Bf4 h6 10. Bg3 Qf6 11. Be5 Qe6 12. Nc3 f6 13. Bg3 Nxg3 14. fxg3 Bxd6 15. O-O Bb7 16. Nh4 Ne7 17. Bh5+ Kd8 18. Re1 Qc4 19. Qxd6 Nd5 20. Nxd5 Bxd5 21. Qb6+ Kc8 22. Re8+ Rxe8 23. Bxe8 Qd4+ 24. Kh1 Qxb2 25. Re1 Qxc2 26. Ng6 Qxg2# 0-1

[Event "Live Chess"]
[Site "Chess.com"]
[Date "2010.12.30"]
[Round "-"]
[White "hipposcottimus"]
[Black "yankz"]
[Result "1-0"]
[CurrentPosition "1r4k1/p3np1p/1p3qp1/1P1p1b2/NP1P2P1/8/P2QR1BP/5RK1 b - -"]
[Timezone "UTC"]
[ECO "C40"]
[ECOUrl "https://www.chess.com/openings/Kings-Pawn-Opening-Kings-Knight-Busch-Gass-Gambit-3.Nxe5"]
[UTCDate "2010.12.30"]
[UTCTime "02:04:38"]
[WhiteElo "1372"]
[BlackElo "1382"]
[TimeControl "600"]
[Termination "hipposcottimus won by resignation"]
[StartTime "02:04:38"]
[EndDate "2010.12.30"]
[EndTime "02:14:19"]
[Link "https://www.chess.com/game/live/82370476"]

1. e4 e5 2. Nf3 Bc5 3. Nxe5 Bxf2+ 4. Kxf2 Qh4+ 5. g3 Qxe4 6. Nf3 Ne7 7. d3 Qc6 8. Bg2 Qb6+ 9. d4 O-O 10. Re1 Re8 11. Kg1 d5 12. Be3 Be6 13. b3 Nbc6 14. Nc3 Rad8 15. Na4 Qb4 16. c3 Qd6 17. Nc5 Bc8 18. Ng5 b6 19. Qd3 g6 20. Bf4 Qf6 21. Bxc7 Qxg5 22. Bxd8 Nxd8 23. Re5 Qf6 24. Na4 Ndc6 25. Re2 Bd7 26. Rf1 Qg7 27. b4 Rb8 28. b5 Bf5 29. Qd2 Nb4 30. cxb4 Qf6 31. g4 1-0

[Event "Live Chess"]
[Site "Chess.com"]
[Date "2010.12.30"]
[Round "-"]
[White "hipposcottimus"]
[Black "banzhaf"]
[Result "0-1"]
[CurrentPosition "8/1pR5/2b2k2/p5p1/2P5/2q1K3/3r4/8 w - -"]
[Timezone "UTC"]
[ECO "C55"]
[ECOUrl "https://www.chess.com/openings/Scotch-Game-Scotch-Gambit-Dubois-Reti-Perreux-Variation-5...d5-6.exd5"]
[UTCDate "2010.12.30"]
[UTCTime "01:40:40"]
[WhiteElo "1363"]
[BlackElo "1282"]
[TimeControl "300+5"]
[Termination "banzhaf won by checkmate"]
[StartTime "01:40:40"]
[EndDate "2010.12.30"]
[EndTime "01:58:16"]
[Link "https://www.chess.com/game/live/82365164"]

1. e4 e5 2. Nf3 Nc6 3. Bc4 Nf6 4. d4 exd4 5. Ng5 d5 6. exd5 Ne5 7. Qxd4 Bd6 8. O-O O-O 9. Nc3 Nxc4 10. Qxc4 h6 11. Nge4 Nxe4 12. Nxe4 Be7 13. Bf4 Bd6 14. Be3 Re8 15. Rad1 a6 16. Qd3 Bf5 17. f3 Qe7 18. Rfe1 Qe5 19. f4 Qxe4 20. Qc3 Qb4 21. Bd4 Rxe1+ 22. Rxe1 Qxc3 23. Bxc3 Bxf4 24. b3 Rd8 25. Bb2 Rxd5 26. c4 Rd2 27. Bc1 Rd4 28. Bb2 Re4 29. Rf1 g5 30. g3 Be3+ 31. Kg2 Be6 32. Kf3 f5 33. g4 Rxg4 34. Kxe3 Re4+ 35. Kd3 Rh4 36. Re1 Rh3+ 37. Kc2 Rxh2+ 38. Kc1 Bd7 39. Re7 Bc6 40. Rxc7 Rh1+ 41. Kd2 Rh2+ 42. Kc3 Rh3+ 43. Kb4 Rh2 44. Ka3 Re2 45. Rg7+ Kf8 46. Rg6 f4 47. Rxh6 f3 48. Rg6 Rg2 49. Bg7+ Kf7 50. Rf6+ Kxg7 51. Rd6 f2 52. Rd2 f1=Q 53. Rd6 Qf2 54. Kb4 Qxa2 55. Re6 a5+ 56. Kc5 Qxb3 57. Re7+ Kf6 58. Rc7 Qb4+ 59. Kd4 Rd2+ 60. Ke3 Qc3# 0-1

[Event "Live Chess"]
[Site "Chess.com"]
[Date "2010.12.30"]
[Round "-"]
[White "cerecedes"]
[Black "hipposcottimus"]
[Result "0-1"]
[CurrentPosition "6k1/pp5p/4p1p1/8/1P6/3b2NP/q2r3P/K3R2R w - -"]
[Timezone "UTC"]
[ECO "C23"]
[ECOUrl "https://www.chess.com/openings/Bishops-Opening-2...Nc6"]
[UTCDate "2010.12.30"]
[UTCTime "01:28:27"]
[WhiteElo "1341"]
[BlackElo "1372"]
[TimeControl "360"]
[Termination "hipposcottimus won by checkmate"]
[StartTime "01:28:27"]
[EndDate "2010.12.30"]
[EndTime "01:37:18"]
[Link "https://www.chess.com/game/live/82362648"]

1. e4 e5 2. Bc4 Nc6 3. c3 Nf6 4. Qf3 d5 5. exd5 e4 6. Qe2 Ne7 7. d3 Nexd5 8. dxe4 Nf4 9. Qf3 Ne6 10. e5 Nd7 11. Bxe6 fxe6 12. Qh5+ g6 13. Qh3 Nxe5 14. Ne2 Nd3+ 15. Kd2 Nxf2+ 16. Ke1 Nxh3 17. gxh3 Bc5 18. Bf4 Bd7 19. Nd2 Bb5 20. Ng3 Qh4 21. Bxc7 O-O 22. Nf3 Rxf3 23. Kd2 Rd3+ 24. Kc2 Rad8 25. Bxd8 Qxd8 26. Rac1 Rd2+ 27. Kb1 Bd3+ 28. Ka1 Qb6 29. b3 Ba3 30. Rce1 Qa5 31. b4 Bxb4 32. cxb4 Qxa2# 0-1

[Event "Live Chess"]
[Site "Chess.com"]
[Date "2010.12.30"]
[Round "-"]
[White "hipposcottimus"]
[Black "Herik"]
[Result "1-0"]
[CurrentPosition "r1q1kb1r/1b1p1pp1/p3p2p/3P4/4PB2/1QN2N2/PP3PPP/R3R1K1 b kq -"]
[Timezone "UTC"]
[ECO "B12"]
[ECOUrl "https://www.chess.com/openings/Caro-Kann-Defense-2.d4"]
[UTCDate "2010.12.30"]
[UTCTime "01:24:30"]
[WhiteElo "1372"]
[BlackElo "1127"]
[TimeControl "240+4"]
[Termination "hipposcottimus won by resignation"]
[StartTime "01:24:30"]
[EndDate "2010.12.30"]
[EndTime "01:26:59"]
[Link "https://www.chess.com/game/live/82361815"]

1. e4 c6 2. d4 b5 3. c4 Bb7 4. cxb5 cxb5 5. Bxb5 a6 6. Bd3 Qc8 7. Nf3 e6 8. Nc3 h6 9. O-O Nc6 10. Re1 Nb4 11. Bc2 Nxc2 12. Qxc2 Ne7 13. Qb3 Ng6 14. d5 Nf4 15. Bxf4 1-0

[Event "Live Chess"]
[Site "Chess.com"]
[Date "2010.12.30"]
[Round "-"]
[White "shipar"]
[Black "hipposcottimus"]
[Result "1-0"]
[CurrentPosition "rn1q1rk1/pp3ppp/8/4N3/1b2p3/4P3/PPPBQ1PP/R3K2R w KQ -"]
[Timezone "UTC"]
[ECO "D00"]
[ECOUrl "https://www.chess.com/openings/Queens-Pawn-Opening-1...d5-2.e3-c5"]
[UTCDate "2010.12.30"]
[UTCTime "00:59:53"]
[WhiteElo "1314"]
[BlackElo "1369"]
[TimeControl "720"]
[Termination "shipar won by resignation"]
[StartTime "00:59:53"]
[EndDate "2010.12.30"]
[EndTime "01:02:24"]
[Link "https://www.chess.com/game/live/82356697"]

1. d4 d5 2. e3 c5 3. dxc5 e5 4. Nf3 e4 5. Ne5 Bxc5 6. Nc3 Nf6 7. f3 exf3 8. Nxf3 Bg4 9. Be2 Bb4 10. Bd2 O-O 11. Ne5 Bxe2 12. Qxe2 Ne4 13. Nxe4 dxe4 1-0

[Event "Live Chess"]
[Site "Chess.com"]
[Date "2010.12.30"]
[Round "-"]
[White "Rakafusko"]
[Black "hipposcottimus"]
[Result "1-0"]
[CurrentPosition "q5k1/6pp/2r2pb1/p1BRp3/2P5/1Q5P/5PP1/4R1K1 b - -"]
[Timezone "UTC"]
[ECO "C23"]
[ECOUrl "https://www.chess.com/openings/Bishops-Opening-2...Nc6"]
[UTCDate "2010.12.30"]
[UTCTime "00:01:58"]
[WhiteElo "1396"]
[BlackElo "1378"]
[TimeControl "600"]
[Termination "Rakafusko won by resignation"]
[StartTime "00:01:58"]
[EndDate "2010.12.30"]
[EndTime "00:13:54"]
[Link "https://www.chess.com/game/live/82343972"]

1. e4 e5 2. Bc4 Nc6 3. c3 Be7 4. Qf3 Nf6 5. h3 Na5 6. Bb3 Nxb3 7. axb3 d5 8. d3 dxe4 9. dxe4 b6 10. Ne2 Bb7 11. Nd2 a5 12. Ng3 Ba6 13. c4 b5 14. O-O bxc4 15. bxc4 Bb7 16. b3 O-O 17. Rd1 Ra6 18. Ndf1 Qa8 19. Nd2 Bb4 20. Bb2 Bxd2 21. Rxd2 Nxe4 22. Nxe4 Bxe4 23. Qg3 f6 24. Re1 Bg6 25. Rd7 c5 26. Rd5 Rc6 27. Ba3 Rb8 28. Bxc5 Rxb3 29. Qxb3 1-0

[Event "Live Chess"]
[Site "Chess.com"]
[Date "2010.12.29"]
[Round "-"]
[White "hipposcottimus"]
[Black "kidvegemite"]
[Result "0-1"]
[CurrentPosition "1r1r3k/6p1/p1p2p1p/5P2/q1P1p3/4Q3/1N4PP/4R1K1 b - -"]
[Timezone "UTC"]
[ECO "C41"]
[ECOUrl "https://www.chess.com/openings/Philidor-Defense-Exchange-Variation-4.Nxd4"]
[UTCDate "2010.12.29"]
[UTCTime "23:34:42"]
[WhiteElo "1386"]
[BlackElo "1405"]
[TimeControl "720"]
[Termination "kidvegemite won by resignation"]
[StartTime "23:34:42"]
[EndDate "2010.12.29"]
[EndTime "23:52:37"]
[Link "https://www.chess.com/game/live/82337397"]

1. e4 e5 2. Nf3 d6 3. d4 exd4 4. Nxd4 Bd7 5. Nc3 Nc6 6. Be3 Be7 7. Bb5 a6 8. Nxc6 Bxc6 9. Bxc6+ bxc6 10. Bd4 Bf6 11. O-O Bxd4 12. Qxd4 Qf6 13. Qb4 Qd8 14. b3 Ne7 15. f4 O-O 16. f5 f6 17. Qc4+ Kh8 18. Qd3 c5 19. Rae1 Nc6 20. Nd5 Ne5 21. Qh3 c6 22. Ne3 Qa5 23. a4 Qc3 24. Qg3 Rad8 25. Qf2 d5 26. Nd1 Qb4 27. c3 Qxb3 28. Qxc5 Nd3 29. Qd4 Nxe1 30. Rxe1 Rb8 31. Re3 dxe4 32. c4 Qxa4 33. Re1 h6 34. Qe3 Rfd8 35. Nb2 0-1

[Event "Live Chess"]
[Site "Chess.com"]
[Date "2010.12.29"]
[Round "-"]
[White "kidvegemite"]
[Black "hipposcottimus"]
[Result "0-1"]
[CurrentPosition "1r4k1/p5pp/3qp3/5pN1/3PnP2/4P3/1P1B2PP/2R3K1 w - -"]
[Timezone "UTC"]
[ECO "D00"]
[ECOUrl "https://www.chess.com/openings/Queens-Pawn-Opening-1...d5-2.e3-c5"]
[UTCDate "2010.12.29"]
[UTCTime "23:19:01"]
[WhiteElo "1345"]
[BlackElo "1395"]
[TimeControl "720"]
[Termination "hipposcottimus won by resignation"]
[StartTime "23:19:01"]
[EndDate "2010.12.29"]
[EndTime "23:32:35"]
[Link "https://www.chess.com/game/live/82333593"]

1. d4 d5 2. e3 c5 3. c3 cxd4 4. cxd4 e6 5. Nc3 Nf6 6. f4 Qa5 7. Bd2 Bd6 8. Nf3 O-O 9. Nb5 Qb6 10. Nxd6 Qxd6 11. Bd3 Nfd7 12. a3 Re8 13. O-O f6 14. Qc2 f5 15. Ng5 b6 16. Qd1 Ba6 17. Bxa6 Nxa6 18. Qh5 Nf6 19. Qh4 Rac8 20. Rfc1 Rc4 21. Rc3 b5 22. Rac1 b4 23. Rxc4 dxc4 24. axb4 Nxb4 25. Rxc4 Rb8 26. Qe1 Nd3 27. Qc1 Nxc1 28. Rxc1 Ne4 0-1

[Event "Live Chess"]
[Site "Chess.com"]
[Date "2010.12.29"]
[Round "-"]
[White "sakkbela"]
[Black "hipposcottimus"]
[Result "0-1"]
[CurrentPosition "r5k1/ppp3pp/8/3p3P/5r1q/1P1P3b/P1PK2P1/8 w - -"]
[Timezone "UTC"]
[ECO "C20"]
[ECOUrl "https://www.chess.com/openings/Kings-Pawn-Opening-Leonardis-Variation-2...Nf6-3.f4"]
[UTCDate "2010.12.29"]
[UTCTime "23:11:22"]
[WhiteElo "1106"]
[BlackElo "1387"]
[TimeControl "240+4"]
[Termination "hipposcottimus won by resignation"]
[StartTime "23:11:22"]
[EndDate "2010.12.29"]
[EndTime "23:17:31"]
[Link "https://www.chess.com/game/live/82331741"]

1. e4 e5 2. d3 Nf6 3. f4 exf4 4. Bxf4 d6 5. Qe2 Nc6 6. Nc3 Nd4 7. Qd2 Be7 8. O-O-O Be6 9. b3 O-O 10. h4 d5 11. e5 Nh5 12. Be2 Nxf4 13. Qxf4 Nxe2+ 14. Ncxe2 f6 15. Rf1 fxe5 16. Qxe5 Rxf1+ 17. Kd2 Bg4 18. h5 Bg5+ 19. Nf4 Bxf4+ 20. Qxf4 Rxf4 21. Rh4 Qxh4 22. Nh3 Bxh3 0-1

[Event "Live Chess"]
[Site "Chess.com"]
[Date "2010.12.29"]
[Round "-"]
[White "hipposcottimus"]
[Black "sakkbela"]
[Result "0-1"]
[CurrentPosition "B3k2r/p1pb1ppp/3bp3/3N4/3P4/8/PPP2PPq/R1BQ1RK1 w kq -"]
[Timezone "UTC"]
[ECO "B01"]
[ECOUrl "https://www.chess.com/openings/Scandinavian-Defense-Mieses-Kotrc-Variation-3.Nc3-Qd8-4.d4"]
[UTCDate "2010.12.29"]
[UTCTime "23:08:13"]
[WhiteElo "1384"]
[BlackElo "1109"]
[TimeControl "240+4"]
[Termination "sakkbela won by checkmate"]
[StartTime "23:08:13"]
[EndDate "2010.12.29"]
[EndTime "23:10:53"]
[Link "https://www.chess.com/game/live/82331049"]

1. e4 d5 2. exd5 Qxd5 3. Nc3 Qd8 4. d4 e6 5. Nf3 Nc6 6. Bb5 Ne7 7. O-O Nd5 8. Ne5 Bd6 9. Nxc6 bxc6 10. Bxc6+ Bd7 11. Bxa8 Qh4 12. Nxd5 Qxh2# 0-1

[Event "Live Chess"]
[Site "Chess.com"]
[Date "2010.12.29"]
[Round "-"]
[White "hipposcottimus"]
[Black "khwaja"]
[Result "0-1"]
[CurrentPosition "r3q1k1/2p3p1/p5np/2pPpb1n/P3R3/1BPQBrP1/5P1P/R5K1 w - -"]
[Timezone "UTC"]
[ECO "C51"]
[ECOUrl "https://www.chess.com/openings/Giuoco-Piano-Game-Evans-Accepted-Stone-Ware-Variation"]
[UTCDate "2010.12.29"]
[UTCTime "20:51:03"]
[WhiteElo "1403"]
[BlackElo "1583"]
[TimeControl "600+2"]
[Termination "khwaja won by resignation"]
[StartTime "20:51:03"]
[EndDate "2010.12.29"]
[EndTime "21:00:46"]
[Link "https://www.chess.com/game/live/82294927"]

1. e4 e5 2. Nf3 Nc6 3. Bc4 Bc5 4. b4 Bxb4 5. c3 Bd6 6. O-O Nf6 7. d3 h6 8. Nbd2 O-O 9. d4 Qe8 10. d5 Ne7 11. Bb3 Ng6 12. Nc4 Bc5 13. g3 a6 14. a4 d6 15. Re1 Bg4 16. Qd3 Nh5 17. Na5 f5 18. Nxb7 fxe4 19. Rxe4 Rxf3 20. Be3 Bf5 21. Nxc5 dxc5 0-1

[Event "Live Chess"]
[Site "Chess.com"]
[Date "2010.12.29"]
[Round "-"]
[White "zbest28"]
[Black "hipposcottimus"]
[Result "0-1"]
[CurrentPosition "r1b2r1k/ppp2ppp/1b6/8/2nPN3/2P4P/PP4P1/R1B1R2K w - -"]
[Timezone "UTC"]
[ECO "C31"]
[ECOUrl "https://www.chess.com/openings/Kings-Gambit-Declined-Falkbeer-Countergambit"]
[UTCDate "2010.12.29"]
[UTCTime "20:43:55"]
[WhiteElo "1348"]
[BlackElo "1407"]
[TimeControl "300+5"]
[Termination "hipposcottimus won by resignation"]
[StartTime "20:43:55"]
[EndDate "2010.12.29"]
[EndTime "20:49:52"]
[Link "https://www.chess.com/game/live/82293115"]

1. e4 e5 2. f4 d5 3. fxe5 dxe4 4. Qe2 Qd5 5. Nc3 Qxe5 6. Qxe4 Nc6 7. Nf3 Qe6 8. Bc4 Qe7 9. O-O Nf6 10. Qxe7+ Bxe7 11. Re1 O-O 12. d3 Bc5+ 13. Kh1 Ng4 14. Ne4 Bb6 15. c3 Kh8 16. h3 Nge5 17. Nxe5 Nxe5 18. d4 Nxc4 0-1

[Event "Live Chess"]
[Site "Chess.com"]
[Date "2010.12.29"]
[Round "-"]
[White "hipposcottimus"]
[Black "anupamthepatzer"]
[Result "1-0"]
[CurrentPosition "5Qk1/P1p3p1/7p/2pP4/2q1p3/8/5PPP/R4R1K b - -"]
[Timezone "UTC"]
[ECO "C57"]
[ECOUrl "https://www.chess.com/openings/Italian-Game-Knight-Attack-Polerio-Defense"]
[UTCDate "2010.12.29"]
[UTCTime "20:27:58"]
[WhiteElo "1400"]
[BlackElo "1179"]
[TimeControl "240+12"]
[Termination "hipposcottimus won by resignation"]
[StartTime "20:27:58"]
[EndDate "2010.12.29"]
[EndTime "20:42:41"]
[Link "https://www.chess.com/game/live/82288116"]

1. e4 e5 2. Nf3 Nc6 3. Bc4 Nf6 4. Ng5 d5 5. exd5 Na5 6. Qe2 Nxc4 7. Qxc4 Qe7 8. Nc3 h6 9. Nge4 Nxe4 10. Nxe4 Bf5 11. d3 Bxe4 12. dxe4 Qf6 13. Be3 Rc8 14. Bxa7 Be7 15. Bc5 O-O 16. O-O b6 17. Be3 Qd6 18. Qe2 Qb4 19. c4 Bc5 20. Bd2 Qxb2 21. Kh1 Bd4 22. a3 Ra8 23. Qd3 Bc5 24. a4 Qd4 25. Qe2 f5 26. Be3 Qc3 27. Rac1 Qa5 28. Bxc5 bxc5 29. exf5 Rxf5 30. Qe4 Raf8 31. Ra1 Qc3 32. a5 R5f6 33. a6 Ra8 34. a7 Qd4 35. Qc2 e4 36. Qa4 Rf7 37. Qc6 Qxc4 38. Qxa8+ Rf8 39. Qxf8+ 1-0

[Event "Live Chess"]
[Site "Chess.com"]
[Date "2010.12.29"]
[Round "-"]
[White "Silverbllet"]
[Black "hipposcottimus"]
[Result "1-0"]
[CurrentPosition "8/8/6k1/p4p2/r2B1K2/N1P5/PP6/8 b - -"]
[Timezone "UTC"]
[ECO "C58"]
[ECOUrl "https://www.chess.com/openings/Italian-Game-Knight-Attack-Polerio-Bishop-Check-Line-6...Bd7-7.Qe2"]
[UTCDate "2010.12.29"]
[UTCTime "20:04:45"]
[WhiteElo "1465"]
[BlackElo "1400"]
[TimeControl "240+4"]
[Termination "Silverbllet won by resignation"]
[StartTime "20:04:45"]
[EndDate "2010.12.29"]
[EndTime "20:17:37"]
[Link "https://www.chess.com/game/live/82282118"]

1. e4 e5 2. Nf3 Nc6 3. Bc4 Nf6 4. Ng5 d5 5. exd5 Na5 6. Bb5+ Bd7 7. Qe2 Bd6 8. d4 O-O 9. dxe5 Re8 10. O-O Bxe5 11. Qd3 Bxb5 12. Qxb5 c6 13. dxc6 Nxc6 14. Qxb7 Nd4 15. Na3 Re7 16. Qa6 Ng4 17. h3 f6 18. Nf3 Nxf3+ 19. gxf3 Nh2 20. f4 Nxf1 21. fxe5 Rxe5 22. Qxf1 f5 23. Bf4 Re6 24. Qc4 Qe7 25. Re1 Re8 26. c3 Kh8 27. Rxe6 Qxe6 28. Qxe6 Rxe6 29. Kf1 Ra6 30. Ke2 h6 31. Kf3 g5 32. Be3 Kh7 33. Bd4 Kg6 34. Kg3 Ra4 35. f4 a6 36. h4 a5 37. fxg5 hxg5 38. hxg5 Kxg5 39. Kf3 Kg6 40. Kf4 1-0